 Dungeon Crawl Stone Soup version 0.23-a0-435-g79ed067 (webtiles) character file.

109 galech the Covered (level 4, -1/36 HPs)
             Began as a Demonspawn Fighter on Nov 15, 2018.
             Slain by an orc wizard
             ... wielding a +0 dagger
              (3 damage)
             ... on level 3 of the Dungeon.
             The game lasted 00:01:56 (1817 turns).

galech the Covered (Demonspawn Fighter)             Turns: 1817, Time: 00:01:58

Health: -1/36      AC:  9    Str: 22    XL:     4   Next: 60%
Magic:  4/4        EV:  7    Int:  9    God:
Gold:   128        SH:  9    Dex: 13    Spells: 3/3 levels left

rFire    . . .     SeeInvis .   a - +0 war axe
rCold    . . .     Gourm    .   c - +0 shield
rNeg     . . .     Faith    .   b - +0 scale mail
rPois    .         Spirit   .   (no helmet)
rElec    .         Reflect  .   (no cloak)
rCorr    .         Harm     .   h - +0 pair of gloves
MR       .....                  (no boots)
Stlth    +.........             (no amulet)
HPRegen  0.12/turn              (no ring)
MPRegen  0.09/turn              (no ring)

@: mighty, slowed, very slow
A: rugged brown scales 1, nightstalker 1
a: no special abilities


You were on level 3 of the Dungeon.
You were not hungry.

You visited 1 branch of the dungeon, and saw 3 of its levels.

You collected 128 gold pieces.

Inventory:

Hand Weapons
 a - a +0 war axe (weapon)
Armour
 b - a +0 scale mail (worn)
 c - a +0 shield (worn)
 h - a +0 pair of gloves (worn)
Jewellery
 p - a +4 ring of dexterity {unknown}
Scrolls
 i - 2 scrolls of enchant weapon {unknown}
 l - a scroll of teleportation {unknown}
 n - a scroll of noise {unknown}
 o - a scroll of remove curse {unknown}
 q - a scroll of enchant armour {unknown}
Potions
 d - 2 potions of might
 e - 4 potions of lignification {unknown}
 j - a potion of agility {unknown}
 k - a potion of curing {unknown}
 m - a potion of resistance {unknown}
Comestibles
 f - 2 rations
 g - 2 chunks of flesh


   Skills:
 + Level 3.3 Fighting
 + Level 2.7 Axes
 + Level 3.4 Armour
 + Level 0.6 Dodging
 + Level 0.1 Stealth
 + Level 3.3 Shields


You had 3 spell levels left.
You didn't know any spells.
Your spell library was empty.

Dungeon Overview and Level Annotations

Branches:
Dungeon (3/15)

Altars:
Fedhas
Trog


Innate Abilities, Weirdness & Mutations

You are partially covered in rugged brown scales. (AC +1, +3% HP)
You are slightly more attuned to the shadows.


Message History

The orc wizard hits you but does no damage.
You block the dart slug's attack.
The orc wizard hits you but does no damage.
You block the dart slug's attack.
You closely miss the orc wizard.
The orc wizard is severely wounded.
You hit the dart slug.
The orc wizard hits you with a +0 dagger.
* * * LOW HITPOINT WARNING * * *
The orc wizard hits you but does no damage.
The dart slug bites you.
* * * LOW HITPOINT WARNING * * *
You block the orc wizard's attack.
You closely miss the orc wizard.
The orc wizard is severely wounded.
You slash the dart slug!
You kill the dart slug!
You block the orc wizard's attack. x2
The orc wizard hits you with a +0 dagger.
You die...

.# .# .# .#
.# #
########>#.#
......)@)..#
......)o.###
.#####.....#
#.....#
......#
#......#
#..?...#
#.######


You could see an orc wizard.

Vanquished Creatures
  2 gnolls (D:1)
  2 adders (D:2)
  An ooze (D:1)
  5 dart slugs
  3 leopard geckos
  4 orcs (D:3)
  4 bats
  2 giant cockroaches
  5 goblins
  6 hobgoblins
  4 jackals (D:2)
  A ball python (D:2)
  4 frilled lizards
  3 kobolds
  2 rats (D:1)
48 creatures vanquished.

Notes
Turn   | Place    | Note
-------+----------+-------------------------------------------
     0 | D:1      | galech the Demonspawn Fighter began the quest for the Orb.
     0 | D:1      | Reached XP level 1. HP: 18/18 MP: 1/1
    33 | D:1      | Gained mutation: You are slightly more attuned to the
                  | shadows. [demonic ancestry]
    33 | D:1      | Reached XP level 2. HP: 16/24 MP: 2/2
   287 | D:1      | You fall through a shaft!
   599 | D:1      | Reached XP level 3. HP: 29/29 MP: 3/3
  1211 | D:2      | Found a bloodstained altar of Trog.
  1215 | D:2      | Found a blossoming altar of Fedhas.
  1342 | D:2      | Gained mutation: You are partially covered in rugged brown
                  | scales. (AC +1, +3% HP) [demonic ancestry]
  1342 | D:2      | Reached XP level 4. HP: 25/36 MP: 4/4
  1817 | D:3      | Slain by an orc wizard

Vault maps used:
D:1:      dpeg_arrival_solitude, minmay_split_cup_large
D:2:      fedhas_altar_2, lemuel_crystal_altar, moated_statue, st_stairs_12,
          minmay_pentomino_q2
D:3:      corexii_shack_village, trog_wizard

Skill      XL: |  1  2 |
---------------+-------+-----
Armour         | 3 |  3.4
Shields        | 3 |  3.3
Axes           | 2 |  2.7
Fighting       | |  3.3
Dodging        | |  0.6
Stealth        | |  0.1

Action                   |  1- 3 |  4- 6 || total
-------------------------+-------+-------++-------
Melee: War axe           |   118 |    34 ||   152
  Use: Potion            |       |     1 ||     1
 Stab: Sleeping          |       |     1 ||     1
  Eat: Chunk             |     2 |     1 ||     3
Armor: Scale mail        |    49 |    29 ||    78
Dodge: Dodged            |    35 |    10 ||    45
Block: Shield            |    67 |    31 ||    98

Table legend:
 A = Non-vault XP
 B = Vault XP
 C = Vault XP percentage of total XP
 D = Non-vault monster count
 E = Vault monster count
 F = Vault count percentage of total count
                 A         B        C        D         E       F
            +---------+---------+-------+---------+---------+-------
      Total |     140 |      17 |  10.8 |      39 |       9 |  18.8
            +---------+---------+-------+---------+---------+-------
        D:1 |      66 |       7 |   9.6 |      17 |       4 |  19.0
        D:2 |      51 |      10 |  16.4 |      14 |       5 |  26.3
        D:3 |      23 |       0 |   0.0 |       8 |       0 |   0.0
            +---------+---------+-------+---------+---------+-------
